[Event "Team 45 45 League T57"]
[Site "Internet Chess Club"]
[Date "2013.06.30"]
[Round "6"]
[White "semperfi"]
[Black "jjaco"]
[Result "1-0"]
[WhiteElo "1373"]
[BlackElo "1063"]
[Opening "Queen's pawn game"]
[ECO "D05"]
[Time "21:00:09"]
[TimeControl "2700+45"]

1. d4 d5 2. Nf3 Nf6 3. e3 e6 4. Bd3 Be7 5. Nbd2 b6 6. O-O c5 7. c3 O-O 8. Re1
Nc6 9. e4 Ng4 10. h3 Nf6 11. exd5 exd5 12. Qc2 g6 13. Ne5 Bb7 14. Ndf3 Kg7 15.
Qd2 Kh8 16. Qe2 Ng8 17. Bf4 Bf6 18. Rad1 Kg7 19. Nxc6 Bxc6 20. Ne5 Bb7 21. Ng4
Re8 22. Qd2 Rxe1+ 23. Rxe1 c4 24. Bc2 b5 25. Nxf6 Nxf6 26. Be5 Qb6 27. Qg5 Kg8
28. Bxf6 Rf8 29. Be5 f6 30. Bxf6 Rxf6 31. Re8+ Kf7 32. Qe5 Re6 33. Rxe6 Qxe6 34.
Qxe6+ Kxe6 35. Kf1 Kf6 36. Ke2 a6 37. b4 Bc8 38. Kf3 h5 39. Kf4 g5+ 40. Kf3 g4+
41. hxg4 Bxg4+ 42. Kf4 Be2 43. g3 Kg7 44. Bf5 Kf6 45. Bc8 Kg6 46. Bxa6 Bf1 47.
Bxb5 Bd3 48. a4 {Black resigns} 1-0

[Event "Team 45 45 League T57"]
[Site "Internet Chess Club"]
[Date "2013.06.29"]
[Round "6"]
[White "Conjurer"]
[Black "seattleblues"]
[Result "0-1"]
[WhiteElo "1468"]
[BlackElo "1500"]
[Opening "Caro-Kann: anti-anti-Caro-Kann defense"]
[ECO "B10"]
[Time "21:54:53"]
[TimeControl "2700+45"]

1. e4 c6 2. c4 d5 3. cxd5 cxd5 4. Nc3 dxe4 5. Nxe4 Bf5 6. Bb5+ Nd7 7. Qf3 e6 8.
Ne2 a6 9. Ba4 b5 10. Bb3 Ngf6 11. Nxf6+ Nxf6 12. O-O Bg4 13. Qc6+ Nd7 14. Nf4
Be7 15. d4 O-O 16. Be3 Nf6 17. Qc2 Rc8 18. Qd3 Bf5 19. Qe2 Rc7 20. Rac1 Qb8 21.
Nxe6 Rxc1 22. Bf4 Rxf1+ 23. Kxf1 Bd6 24. Bxd6 Qxd6 25. Nxf8 Kxf8 26. Qf3 Be4 27.
Qc3 Qc6 28. Qb4+ Ke8 29. Qe1 Kd8 30. Qa5+ Kc8 31. f3 Bd3+ 32. Kf2 Qc7 33. Qd2
Bc4 34. Bxc4 Qxc4 35. b3 Qc7 36. d5 Qc5+ {White resigns} 0-1

[Event "Team 45 45 League T57"]
[Site "Internet Chess Club"]
[Date "2013.06.30"]
[Round "6"]
[White "medsurg"]
[Black "guyd52"]
[Result "1-0"]
[WhiteElo "1334"]
[BlackElo "1359"]
[Opening "Pirc defense"]
[ECO "B07"]
[Time "20:00:26"]
[TimeControl "2700+45"]

1. e4 d6 2. d4 Nf6 3. Nc3 g6 4. Be2 Bg7 5. f4 b6 6. e5 dxe5 7. fxe5 Nd5 8. Ne4
Bb7 9. Bf3 c6 10. Ne2 f6 11. exf6 exf6 12. O-O h5 13. N4c3 O-O 14. Nxd5 cxd5 15.
Nc3 Re8 16. Re1 Rxe1+ 17. Qxe1 Qd7 18. Be3 Na6 19. Qg3 Kh7 20. a3 Re8 21. Re1
Re6 22. Be2 Nc7 23. Bd3 f5 24. Ne2 Qf7 25. c3 Bh6 26. Nf4 Rf6 27. Bc1 g5 28.
Nxh5 Qxh5 29. Qxc7+ Rf7 30. Bxf5+ Kg7 31. Qe5+ Rf6 32. Qe7+ Qf7 33. Qxf7+ Rxf7
34. g4 Kf6 35. Re6+ Kg7 36. Rg6+ Kh7 37. Rxb6+ Kg7 38. Rg6+ Kh7 39. Bxg5 Bxg5
40. Rxg5+ Kh8 41. Rg6 Re7 42. Re6 Rg7 43. Kf2 Kg8 44. Rg6 Ba6 45. Rxa6 Kf8 46.
Kf3 Re7 47. Re6 Rb7 48. Re2 Kg7 49. Kf4 Kf6 50. g5+ Kg7 51. h4 a5 52. h5 Rf7 53.
h6+ Kf8 54. g6 Rf6 55. Kg5 {Black resigns} 1-0

[Event "Team 45 45 League T57"]
[Site "Internet Chess Club"]
[Date "2013.07.02"]
[Round "6"]
[White "Toalla"]
[Black "tcianciola"]
[Result "1-0"]
[WhiteElo "1384"]
[BlackElo "1212"]
[Opening "King's Indian, 3.Nf3"]
[ECO "E60"]
[Time "07:01:03"]
[TimeControl "2700+45"]

1. d4 g6 2. Nf3 Nf6 3. c4 Bg7 4. e3 O-O 5. Bd3 d6 6. O-O e5 7. dxe5 dxe5 8. e4
Nc6 9. Nc3 Bf5 10. exf5 Re8 11. fxg6 e4 12. gxf7+ Kxf7 13. Ng5+ Kg8 14. Ncxe4
Nb4 15. Qb3 Nxd3 16. c5+ Qd5 17. Nxf6+ Bxf6 18. Qxd5+ {Black resigns} 1-0

[Event "Team 45 45 League T57"]
[Site "Internet Chess Club"]
[Date "2013.06.29"]
[Round "6"]
[White "WzeroMN"]
[Black "WilmaP"]
[Result "1-0"]
[WhiteElo "1107"]
[BlackElo "1101"]
[Opening "Sicilian defense"]
[ECO "B41"]
[Time "13:30:46"]
[TimeControl "2700+45"]

1. e4 c5 2. Nf3 e6 3. d4 a6 4. Bc4 Nc6 5. O-O Qb6 6. c3 Nge7 7. Bf4 Ng6 8. Bg3
Qxb2 9. Qd2 Qb6 10. Na3 d5 11. exd5 exd5 12. Bxd5 Nce7 13. Rfe1 Be6 14. Bxe6
fxe6 15. dxc5 Qxc5 16. Nc2 Rd8 17. Qe3 b6 18. Ncd4 Rd6 19. Bxd6 Qxd6 20. Nxe6
Nf5 21. Nxg7+ Kd7 22. Nxf5 Qf4 23. Qxf4 Nxf4 24. Ne5+ Kc7 25. Nf7 Rg8 26. Nd4
Rxg2+ 27. Kh1 Rxf2 28. Rf1 Nh3 29. Rxf2 Nxf2+ 30. Kg2 Ne4 31. Ne6+ Kc6 32. Nxf8
Nxc3 33. Rc1 Kb5 34. Rxc3 Kb4 35. Rh3 a5 36. Nxh7 b5 37. Ne5 a4 38. Rh4+ Ka3 39.
Nd3 Kxa2 40. Rb4 a3 41. Rxb5 Ka1 42. Ra5 a2 43. Nc1 Kb1 44. Nxa2 Kb2 45. Ng5 Ka1
46. h4 Kb1 47. h5 Kc2 48. h6 Kd3 49. h7 Ke3 50. h8=Q Kf4 51. Qe5+ Kg4 52. Ra4+
Kh5 53. Nf7+ Kg6 54. Rf4 Kh7 55. Qh5+ Kg7 56. Ne5 Kg8 57. Qg5+ Kh8 58. Rh4#
{Black checkmated} 1-0

[Event "Team 45 45 League T57"]
[Site "Internet Chess Club"]
[Date "2013.07.01"]
[Round "6"]
[White "Constrictor"]
[Black "RamRock"]
[Result "1-0"]
[WhiteElo "1770"]
[BlackElo "1869"]
[Opening "Réti v Dutch"]
[ECO "A04"]
[Time "20:02:44"]
[TimeControl "2700+45"]

1. Nf3 f5 2. b3 d6 3. Bb2 e5 4. c4 Nf6 5. g3 Be7 6. Bg2 O-O 7. d4 e4 8. Nfd2 b6
9. O-O Bb7 10. Nc3 c6 11. Bh3 Bc8 12. Qc2 Be6 13. Ndxe4 Nxe4 14. Nxe4 d5 15. Nd2
Bf6 16. Bxf5 Bxf5 17. Qxf5 Qd6 18. Qd3 Na6 19. Bc3 Nc7 20. cxd5 Nxd5 21. Ne4 Qe6
22. Nxf6+ Rxf6 23. Rae1 Qh3 24. f4 Raf8 25. Bd2 g5 26. Qe4 gxf4 27. Bxf4 Qg4 28.
Qg2 Nxf4 29. gxf4 Rxf4 30. Rxf4 Rxf4 31. e3 Re4 32. Qxg4+ Rxg4+ 33. Kf2 Kf7 34.
Rc1 Rg6 35. Rc2 Ke7 36. Ke2 Kd6 37. Kd3 Rf6 38. Rg2 a5 39. a3 c5 40. dxc5+ Kxc5
41. Rg5+ Kc6 42. Rh5 h6 43. e4 Rf3+ 44. Kc4 b5+ 45. Rxb5 Re3 46. Rxa5 Rxe4+ 47.
Kd3 Rh4 48. Re5 Rh3+ 49. Re3 Rxh2 50. a4 h5 51. Re6+ Kb7 52. Rh6 h4 53. Kc4 h3
54. Kb5 Rh1 55. b4 h2 56. a5 Ka7 57. Rh7+ Kb8 58. Kb6 Kc8 59. b5 Rg1 60. Rxh2
Rg6+ 61. Kc5 Rg5+ 62. Kb6 Rg6+ 63. Ka7 Rg5 64. Ka6 Rg6+ 65. b6 Rg8 66. Rh7 Kb8
67. Rh5 Ka8 68. Kb5 Rf8 69. a6 Rg8 70. a7 Kb7 71. Rh7+ Ka8 72. Ka6 {Black
resigns} 1-0

[Event "Team 45 45 League T57"]
[Site "Internet Chess Club"]
[Date "2013.07.02"]
[Round "6"]
[White "kidcobra"]
[Black "Hal2001"]
[Result "1/2-1/2"]
[WhiteElo "1726"]
[BlackElo "1589"]
[Opening "Robatsch (modern) defense"]
[ECO "B34"]
[Time "13:02:38"]
[TimeControl "2700+45"]

1. e4 g6 2. Nf3 Bg7 3. d4 c5 4. Nc3 cxd4 5. Nxd4 Nc6 6. Nxc6 bxc6 7. Bd2 d6 8.
Bc4 Nf6 9. Bg5 Ng4 10. h3 Ne5 11. Bb3 O-O 12. f4 Nd7 13. Qd2 Nc5 14. O-O-O Nxb3+
15. cxb3 f6 16. Bh4 Qa5 17. Rhe1 Bb7 18. e5 dxe5 19. fxe5 Rad8 20. Qe3 Rxd1+ 21.
Rxd1 g5 22. exf6 exf6 23. Bg3 Qb6 24. Qxb6 axb6 25. Rd7 Rf7 26. Rxf7 Kxf7 27.
Ne4 Ke6 28. Nd6 Ba8 29. Ne8 Kf7 30. Nxg7 Kxg7 31. Bf2 c5 32. g3 f5 33. b4 cxb4
34. Bxb6 b3 35. axb3 f4 36. gxf4 gxf4 37. Kd2 Kg6 38. Bf2 Kf5 39. Ke2 Ke4 {Game
drawn by mutual agreement} 1/2-1/2

[Event "Team 45 45 League T57"]
[Site "Internet Chess Club"]
[Date "2013.07.01"]
[Round "6"]
[White "alaskauk"]
[Black "amicusUK"]
[Result "0-1"]
[WhiteElo "1450"]
[BlackElo "1632"]
[Opening "Caro-Kann: Tartakower (Nimzovich) variation"]
[ECO "B15"]
[Time "05:00:24"]
[TimeControl "2700+45"]

1. e4 c6 2. d4 d5 3. Nc3 dxe4 4. Nxe4 Nf6 5. Nxf6+ exf6 6. Nf3 Bd6 7. c3 O-O 8.
Be3 Nd7 9. Bd3 Nb6 10. Qc2 g6 11. O-O-O Nd5 12. Rde1 Nxe3 13. fxe3 f5 14. h4 Be6
15. Qb1 Qa5 16. a3 c5 17. Ne5 Bxe5 18. dxe5 c4 19. Be2 Qxe5 20. Bf3 Bd5 21. Bxd5
Qxd5 22. Qc2 Rfe8 23. Qf2 Qe4 24. Rhf1 Rad8 25. Re2 Rd3 26. Rfe1 Red8 27. g3 Qd5
28. Qf1 Re8 29. Qf2 Rd8 30. Qf1 b5 31. Rc2 a5 32. Rce2 Qe4 33. Qf4 R8d6 34. Qxe4
fxe4 35. Kc2 Rf6 36. b4 a4 37. g4 Rf3 38. h5 Rg3 39. hxg6 hxg6 40. Rf1 Rf3 41.
Ref2 Rdxe3 42. Rxf3 Rxf3 43. Rxf3 exf3 44. Kd2 Kg7 45. Ke3 f2 46. Kxf2 Kf6 47.
Kf3 Ke5 48. Ke3 g5 49. Kf3 f5 {White resigns} 0-1

[Event "Team 45 45 League T57"]
[Site "Internet Chess Club"]
[Date "2013.07.01"]
[Round "6"]
[White "KidRattler"]
[Black "ricnic"]
[Result "1-0"]
[WhiteElo "1430"]
[BlackElo "1503"]
[Opening "English: Caro-Kann defensive system"]
[ECO "A11"]
[Time "11:59:02"]
[TimeControl "2700+45"]

1. c4 c6 2. Nc3 d5 3. cxd5 cxd5 4. d3 Nf6 5. Nf3 Nc6 6. Bf4 Qb6 7. Qb3 Qxb3 8.
axb3 a6 9. g3 e6 10. Bg2 Bb4 11. O-O O-O 12. Rfc1 Bd7 13. Ne5 Nd4 14. Nxd7 Nxd7
15. Ra4 a5 16. e3 Nxb3 17. Rc2 Nbc5 18. Ra1 Nxd3 19. Nb5 Nxf4 20. exf4 b6 21.
Rd1 Rfc8 22. Rdc1 Rxc2 23. Rxc2 Bc5 24. Bh3 Nf6 25. Bg2 g6 26. h3 Rd8 27. Rd2 d4
28. Nc3 Bb4 29. g4 Ne8 30. Bf1 Nc7 31. Rd3 Kf8 32. Na4 Rd6 33. Kh2 Ke7 34. Bg2
f6 35. Be4 Bc5 36. b3 Nd5 37. Kg3 Nb4 38. Rd2 d3 39. Nb2 f5 40. Bxd3 Nxd3 41.
Nxd3 Rd4 42. Kf3 Kd6 43. Ke2 Kd5 44. f3 Bb4 45. Rc2 Bc5 46. Rd2 Kc6 47. Ne5+ Kb5
48. Nd3 a4 49. bxa4+ Kxa4 50. Nxc5+ bxc5 51. Rxd4+ cxd4 52. Kd3 Kb5 53. Kxd4 Kc6
54. Ke5 Kd7 55. Kf6 fxg4 56. hxg4 h5 57. gxh5 gxh5 58. Kg5 h4 59. Kxh4 Ke7 60.
Kg5 Kf7 61. f5 exf5 62. Kxf5 Ke7 63. Kg6 Ke6 64. f4 Ke7 65. f5 Kf8 66. Kf6 Ke8
67. Kg7 Ke7 68. f6+ Ke8 69. f7+ {Black resigns} 1-0

[Event "Team 45 45 League T57"]
[Site "Internet Chess Club"]
[Date "2013.06.28"]
[Round "6"]
[White "Portola"]
[Black "netballgirl"]
[Result "1-0"]
[WhiteElo "1772"]
[BlackElo "1716"]
[Opening "Old Benoni defense"]
[ECO "A43"]
[Time "20:00:40"]
[TimeControl "2700+45"]

1. d4 c5 2. c3 d5 3. Bf4 Nc6 4. e3 e6 5. Bd3 cxd4 6. exd4 Nf6 7. Nf3 Bd6 8. Ne5
Qc7 9. Bb5 Nd7 10. Qe2 O-O 11. Nxd7 Bxd7 12. Bxd6 Qxd6 13. Bxc6 bxc6 14. Nd2 c5
15. Nf3 cxd4 16. cxd4 Qb4+ 17. Qd2 Rfb8 18. Qxb4 Rxb4 19. b3 Rc8 20. Kd2 Rb7 21.
Rac1 Rbc7 22. Rxc7 Rxc7 23. Rc1 Rxc1 24. Kxc1 Bb5 25. Kd2 Kf8 26. Kc3 a5 27. Ne1
Ke7 28. a4 Bf1 29. g3 Kd6 30. f4 Ba6 31. Nc2 Kc7 32. b4 axb4+ 33. Kxb4 Kb6 34.
Ne3 Bd3 35. h4 Be4 36. Nd1 Bd3 37. Nc3 Bg6 38. a5+ Ka6 39. Na4 h6 40. Nc5+ Ka7
41. Kb5 Bh5 42. Kc6 Bg6 43. Kd7 Bf5 44. Ke7 f6 45. Nxe6 Be4 46. Nxg7 f5 47. Ke6
Ka6 48. Nxf5 h5 49. Ne7 Kxa5 50. f5 {Black resigns} 1-0

[Event "Team 45 45 League T57"]
[Site "Internet Chess Club"]
[Date "2013.06.30"]
[Round "6"]
[White "lemanofzorn"]
[Black "kabindra"]
[Result "0-1"]
[WhiteElo "1594"]
[BlackElo "1845"]
[Opening "King's Indian: orthodox, Aronin-Taimanov, bayonet attack"]
[ECO "E97"]
[Time "15:01:08"]
[TimeControl "2700+45"]

1. d4 Nf6 2. c4 g6 3. Nc3 Bg7 4. e4 d6 5. Nf3 O-O 6. Be2 e5 7. O-O Nc6 8. d5 Ne7
9. b4 Nh5 10. Bg5 Nf4 11. Bxf4 exf4 12. Qd2 f5 13. Rac1 fxe4 14. Nxe4 Nf5 15.
Qxf4 Qe7 16. Rfe1 Nd4 17. Qe3 Nf5 18. Qd3 Bd7 19. Bf1 Nh4 20. Nfg5 Bh6 21. Qg3
Nf5 22. Qh3 Bxg5 23. Nc5 Qd8 24. Nxd7 Qxd7 25. Bd3 Bxc1 26. Rxc1 Qf7 27. f3 Qf6
28. Kh1 Rae8 29. g4 Nd4 30. Be4 Nxf3 31. g5 Nxg5 {White resigns} 0-1

[Event "Team 45 45 League T57"]
[Site "Internet Chess Club"]
[Date "2013.06.29"]
[Round "6"]
[White "ausya"]
[Black "rahulr"]
[Result "1-0"]
[WhiteElo "1552"]
[BlackElo "1612"]
[Opening "Scandinavian: Marshall variation"]
[ECO "B01"]
[Time "13:00:37"]
[TimeControl "2700+45"]

1. e4 d5 2. exd5 Nf6 3. d4 Nxd5 4. Nf3 Bg4 5. Be2 e6 6. O-O Bd6 7. h3 Bf5 8. c4
Nf4 9. Nc3 Nxe2+ 10. Qxe2 O-O 11. Rd1 Re8 12. Be3 c6 13. a3 Nd7 14. d5 exd5 15.
cxd5 Bf4 16. dxc6 bxc6 17. Nd4 Bxh3 18. gxh3 Qg5+ 19. Qg4 Bxe3 20. fxe3 Qxe3+
21. Kh1 Ne5 22. Qg2 c5 23. Nf5 Qf3 24. Qxf3 Nxf3 25. Kg2 Ne5 26. Nd5 Red8 27.
Nfe7+ Kf8 28. Re1 Nd3 29. Rf1 Nxb2 30. Rf2 Nd3 31. Rf3 c4 32. Raf1 f6 33. Re3
Rac8 34. Nxc8 Rxc8 35. Nc3 Rb8 36. Rb1 Rxb1 37. Nxb1 Ne5 38. Nd2 Ke7 39. Nf3 Kd6
40. Kf2 Nd3+ 41. Kf1 Ne5 42. Nxe5 fxe5 43. Ke2 Kd5 44. Kd2 e4 45. Kc3 g5 46. a4
a5 47. Re2 h6 48. Re1 h5 49. Re3 g4 50. h4 Ke5 51. Kxc4 Kf4 52. Kd4 g3 53. Rxe4+
Kf3 54. Re5 g2 55. Rg5 Kf2 56. Kc5 g1=Q 57. Rxg1 Kxg1 58. Kb5 Kg2 59. Kxa5 Kg3
60. Kb6 Kxh4 61. a5 Kg3 62. a6 h4 63. a7 h3 64. a8=Q h2 65. Qh1 {Black resigns}
1-0

[Event "Team 45 45 League T57"]
[Site "Internet Chess Club"]
[Date "2013.06.30"]
[Round "6"]
[White "Check101"]
[Black "JasonModer"]
[Result "0-1"]
[WhiteElo "1557"]
[BlackElo "1592"]
[Opening "Ruy Lopez: classical defense, 4.c3"]
[ECO "C64"]
[Time "10:52:29"]
[TimeControl "2700+45"]

1. e4 e5 2. Nf3 Nc6 3. Bb5 Bc5 4. c3 Nf6 5. O-O Nxe4 6. Qe2 Nd6 7. Bxc6 dxc6 8.
Qxe5+ Be6 9. Qxc5 O-O 10. d4 Bd5 11. Bf4 a5 12. b3 Nb5 13. Re1 Re8 14. Rxe8+
Qxe8 15. Bxc7 Nxc7 16. Nbd2 a4 17. Re1 Ne6 18. Qb6 axb3 19. axb3 Qd7 20. c4 Bxf3
21. Nxf3 h6 22. Rd1 Qe7 23. d5 cxd5 24. cxd5 Qd7 25. Ne5 Qxd5 {White resigns}
0-1

[Event "Team 45 45 League T57"]
[Site "Internet Chess Club"]
[Date "2013.06.30"]
[Round "6"]
[White "mindstorm"]
[Black "seattleblues"]
[Result "1-0"]
[WhiteElo "1416"]
[BlackElo "1479"]
[Opening "Caro-Kann: Panov-Botvinnik attack"]
[ECO "B13"]
[Time "13:00:14"]
[TimeControl "2700+45"]

1. e4 c6 2. d4 d5 3. exd5 cxd5 4. c4 Nf6 5. Nf3 e6 6. b3 Bb4+ 7. Bd2 Bxd2+ 8.
Qxd2 Nbd7 9. Bd3 b6 10. O-O Bb7 11. Nc3 O-O 12. Qc2 dxc4 13. bxc4 Bxf3 14. gxf3
Re8 15. Kh1 Nf8 16. Rg1 Qxd4 17. Ne4 Red8 18. Nxf6+ Qxf6 19. Rad1 Qxf3+ 20. Rg2
Rac8 21. Rg1 g6 22. Be4 Qf6 23. f3 Rd4 24. Qa4 Qe7 25. Qa6 Rcd8 26. Rg4 Rd1 27.
f4 f5 28. Bxf5 exf5 29. Rg5 Qe4+ 30. Rg2 Rxg1+ 31. Kxg1 Rd1+ 32. Kf2 Qe2+ 33.
Kxe2 {Black resigns} 1-0

[Event "Team 45 45 League T57"]
[Site "Internet Chess Club"]
[Date "2013.07.02"]
[Round "6"]
[White "fireball"]
[Black "oldsj"]
[Result "1/2-1/2"]
[WhiteElo "1676"]
[BlackElo "1543"]
[Opening "Sicilian: Smith-Morra gambit"]
[ECO "B21"]
[Time "17:33:56"]
[TimeControl "2700+45"]

1. e4 c5 2. d4 cxd4 3. c3 dxc3 4. Nxc3 Nc6 5. Nf3 e5 6. Bc4 h6 7. O-O Nf6 8. Qe2
Bb4 9. Nd5 Ba5 10. b3 O-O 11. Bb2 d6 12. Rfd1 Nxd5 13. Bxd5 Qe7 14. Rac1 Bd7 15.
Ba3 Bb4 16. Bxb4 Nxb4 17. Bxb7 Rab8 18. Bd5 Nxd5 19. Rxd5 Rfc8 20. Rcd1 Bg4 21.
Rxd6 Bxf3 22. Qxf3 Rc2 23. Rd7 Qe8 24. Rxa7 Rbc8 25. h3 R2c3 26. Rd3 R3c6 27.
Rad7 Rf6 28. Qd1 Kh7 29. Rd8 Rxd8 30. Rxd8 Qc6 31. Rd5 Qb6 32. Qd2 Qc7 33. b4
Rc6 34. Rd7 Rc2 35. Rxc7 Rxd2 36. a4 Rd4 37. f3 Rxb4 38. a5 Ra4 39. Ra7 Kg6 40.
a6 Kf6 41. Ra8 Ke7 42. a7 Kf6 43. g4 g5 44. Rh8 Rxa7 45. Rxh6+ Kg7 46. Rd6 Ra2
47. Rd1 Kf6 48. Rf1 Ke6 49. Rf2 Ra1+ 50. Kg2 f6 51. h4 gxh4 52. Kh3 Rh1+ 53. Rh2
Rxh2+ 54. Kxh2 Kf7 55. Kh3 Kg6 56. Kxh4 Kh6 57. Kg3 Kg5 58. Kf2 Kf4 59. Ke2 Kg5
60. Ke3 Kh4 61. Kf2 Kh3 62. Ke3 Kg3 63. Ke2 Kf4 64. Kf2 Kg5 65. Kg3 Kg6 66. f4
exf4+ 67. Kxf4 Kg7 68. Kf5 Kf7 69. g5 fxg5 70. Kxg5 Ke6 71. Kf4 Kf6 72. e5+ Ke6
73. Ke4 Ke7 74. Kd3 Kd7 75. Kc4 Ke6 76. Kd4 Ke7 77. Kd5 Kd7 78. Kc5 Ke6 79. Kd4
Ke7 80. Ke4 Ke6 81. Kf4 Ke7 82. Kf5 Kf7 83. Kg5 Ke6 84. Kf4 Ke7 85. Ke4 Ke6 86.
Kd4 Ke7 87. Kd5 Kd7 88. e6+ Ke7 89. Ke5 Ke8 90. Kf6 Kf8 91. Kg5 Ke7 92. Kf5 Ke8
93. Ke5 Ke7 94. Kd5 Ke8 95. Kd6 Kd8 96. Kc6 Ke7 97. Kd5 Ke8 98. Ke5 Ke7 99. Kf5
Ke8 100. Kf6 Kf8 101. Kf5 Ke8 102. Kf6 Kf8 103. Kg5 Ke7 104. Kf5 Ke8 105. Ke5
Ke7 106. Kd5 {Game drawn by repetition} 1/2-1/2

[Event "Team 45 45 League T57"]
[Site "Internet Chess Club"]
[Date "2013.06.30"]
[Round "6"]
[White "Tjet"]
[Black "Ajolote"]
[Result "0-1"]
[WhiteElo "1450"]
[BlackElo "1609"]
[Opening "English: symmetrical variation"]
[ECO "A38"]
[Time "20:02:13"]
[TimeControl "2700+45"]

1. c4 c5 2. g3 g6 3. Bg2 Bg7 4. Nc3 Nf6 5. Nf3 O-O 6. O-O Nc6 7. e4 d6 8. d3 Bd7
9. Be3 e5 10. Qd2 a6 11. h3 Qc8 12. Kh2 Nd4 13. Bxd4 cxd4 14. Nd5 Nxd5 15. cxd5
b5 16. Rac1 Qb7 17. Rc2 Rac8 18. Rfc1 Rxc2 19. Rxc2 Rc8 20. Qc1 Rxc2 21. Qxc2
Qc8 22. Qxc8+ Bxc8 23. g4 f6 24. Ne1 Bh6 25. Nc2 a5 26. b3 Ba6 27. Bf1 Kf8 28.
Kg2 Ke7 29. Kf3 Kd7 30. Ke2 Kc7 31. Kd1 Kb6 32. a3 Bf4 33. b4 a4 34. Bg2 Kc7 35.
Ne1 Kd7 36. Nf3 Ke7 37. Ng1 Kf7 38. Ne2 Bg5 39. Ng1 Bh4 40. f3 Kg7 41. Ne2 Bg5
42. Ng3 Kh6 43. Ne2 Be3 44. Ng3 Kg5 45. Nf1 Kf4 46. Bh1 Bc8 47. Bg2 h5 48. gxh5
gxh5 49. Kc2 Bf2 50. Kd1 Kg5 51. Ke2 Bh4 52. Kd2 Kf4 53. Ke2 Bg3 54. Nd2 Kg5 55.
Nf1 Kh4 56. Nxg3 Kxg3 57. Bf1 Bxh3 58. Bxh3 Kxh3 59. Kf2 Kh2 60. f4 Kh3 61. fxe5
fxe5 62. Kf3 Kh4 63. Kf2 Kg4 64. Kg2 Kf4 65. Kh3 Ke3 66. Kh4 Kxd3 67. Kxh5 Kxe4
68. Kg5 d3 {White resigns} 0-1

[Event "Team 45 45 League T57"]
[Site "Internet Chess Club"]
[Date "2013.07.02"]
[Round "6"]
[White "GideonL"]
[Black "stanbeers"]
[Result "1-0"]
[WhiteElo "1478"]
[BlackElo "1510"]
[Opening "Philidor: Hanham variation"]
[ECO "B07"]
[Time "17:45:10"]
[TimeControl "2700+45"]

1. e4 d6 2. Nf3 Nd7 3. d4 e5 4. dxe5 dxe5 5. Nc3 c6 6. Bc4 h6 7. Be3 Ngf6 8. Qd3
Qc7 9. O-O Be7 10. Rad1 Nc5 11. Bxc5 Bxc5 12. Nxe5 O-O 13. Nxf7 Bg4 14. Nxh6+
Kh8 15. Nxg4 Nxg4 16. Qh3+ Nh6 17. Rd7 Qb6 18. Qg3 Rg8 19. Bxg8 Rxg8 20. Na4 Qb4
21. Nxc5 Qxc5 22. Qe3 Qxc2 23. Rxb7 a5 24. Rc1 Qa4 25. a3 Rd8 26. g3 Ng4 27. Qg5
Rd1+ 28. Rxd1 Qxd1+ 29. Kg2 Qd4 30. Qxg4 Kg8 31. Qe6+ Kh7 32. Qxc6 a4 33. Qd5
Qf6 34. Qh5+ Qh6 35. Qxh6+ Kxh6 36. e5 {Black resigns} 1-0

[Event "Team 45 45 League T57"]
[Site "Internet Chess Club"]
[Date "2013.06.27"]
[Round "6"]
[White "Fogbound"]
[Black "seldredg"]
[Result "1-0"]
[WhiteElo "1303"]
[BlackElo "1325"]
[Opening "Queen's pawn, Mason variation"]
[ECO "D00"]
[Time "14:31:55"]
[TimeControl "2700+45"]

1. d4 d5 2. Bf4 Nc6 3. Nf3 Nf6 4. e3 e6 5. c3 Bd6 6. Bg3 Qe7 7. Bd3 Bd7 8. Nbd2
Ng4 9. Bh4 Nf6 10. Qc2 e5 11. dxe5 Nxe5 12. Be2 h6 13. Bg3 b5 14. Nd4 a6 15.
N2f3 g6 16. h3 Nxf3+ 17. Bxf3 Bxg3 18. fxg3 Qxe3+ 19. Qe2 Qxe2+ 20. Nxe2 O-O 21.
O-O Rfe8 22. Nf4 Re5 23. Nd3 Re3 24. Nf4 c6 25. Rad1 Bf5 26. Kf2 Rae8 27. Rd2 g5
28. Nh5 Nxh5 29. Bxh5 g4 30. hxg4 Bg6 31. Rdd1 Bxh5 32. gxh5 Re2+ 33. Kg1 R8e6
34. Rf4 Kg7 35. Rdf1 Re1 36. Rxf7+ Kg8 37. Rf2 Rxf1+ 38. Rxf1 Re2 39. Rf6 Kg7
40. Rxc6 Rxb2 41. Rxa6 b4 42. cxb4 Rxb4 43. Rd6 Rd4 44. Ra6 Rg4 45. Kf2 d4 46.
Rg6+ {Black resigns} 1-0

[Event "Team 45 45 League T57"]
[Site "Internet Chess Club"]
[Date "2013.07.01"]
[Round "6"]
[White "cyborg86"]
[Black "bahamapapa"]
[Result "0-1"]
[WhiteElo "1959"]
[BlackElo "1871"]
[Opening "Robatsch (modern) defense"]
[ECO "B06"]
[Time "14:00:21"]
[TimeControl "2700+45"]

1. e4 g6 2. d4 Bg7 3. Nf3 c6 4. Bd3 d5 5. e5 Bg4 6. O-O Qb6 7. c3 e6 8. h3 Bxf3
9. Qxf3 c5 10. Na3 a6 11. c4 Ne7 12. dxc5 Qxc5 13. Be3 Qc7 14. Bg5 Nbc6 15. cxd5
Nxd5 16. Be4 Qxe5 17. Bh4 Nd4 18. Qd3 Nf4 19. Qe3 O-O 20. Bxb7 Ra7 21. Bf3 Nxh3+
22. gxh3 Qxe3 23. fxe3 Nxf3+ 24. Rxf3 Bxb2 25. Nc2 Rc8 26. Rb1 Rxc2 27. Rf2 Rc1+
28. Rf1 Rc4 29. Bg3 Rb7 30. Rf4 Rc3 31. Rf2 Rxe3 32. Bh2 Re2 33. Bg3 Rxf2 34.
Bxf2 Rb4 35. Kf1 Bc3 36. Rc1 Bf6 37. Be3 Kg7 38. Bf2 g5 39. Bc5 Rb2 40. a3 Rh2
41. Rc4 Rxh3 42. Kg2 Rc3 43. Rxc3 Bxc3 44. Kg3 h5 45. Be7 Kg6 46. Bd6 f5 {White
resigns} 0-1

[Event "Team 45 45 League T57"]
[Site "Internet Chess Club"]
[Date "2013.06.28"]
[Round "6"]
[White "SugarIslander"]
[Black "fishhead"]
[Result "1-0"]
[WhiteElo "1680"]
[BlackElo "1839"]
[Opening "Nimzo-Indian: Sämisch variation"]
[ECO "E29"]
[Time "17:00:11"]
[TimeControl "2700+45"]

1. d4 Nf6 2. c4 e6 3. Nc3 Bb4 4. a3 Bxc3+ 5. bxc3 c5 6. e3 O-O 7. Bd3 d6 8. Ne2
Nc6 9. O-O e5 10. d5 Ne7 11. Qc2 g6 12. e4 Kg7 13. f4 exf4 14. Nxf4 Ng4 15. Be2
Ne5 16. Be3 f5 17. g3 fxe4 18. Qxe4 Bf5 19. Ne6+ Bxe6 20. dxe6 Qc7 21. Rab1 b6
22. Bf4 N7c6 23. Qe3 Rfe8 24. Bh6+ Kh8 25. Rf6 Ne7 26. Rf7 Nxf7 27. exf7 Rf8 28.
Qe6 {Black resigns} 1-0

[Event "Team 45 45 League T57"]
[Site "Internet Chess Club"]
[Date "2013.06.29"]
[Round "6"]
[White "jps7"]
[Black "oldsj"]
[Result "1-0"]
[WhiteElo "1807"]
[BlackElo "1548"]
[Opening "King's Indian: East Indian defense"]
[ECO "A48"]
[Time "09:01:41"]
[TimeControl "2700+45"]

1. d4 Nf6 2. Nf3 g6 3. e3 Bg7 4. Bd3 d6 5. h3 O-O 6. O-O Nbd7 7. b3 c5 8. Bb2
cxd4 9. exd4 d5 10. Ne5 Nxe5 11. dxe5 Nd7 12. f4 Nc5 13. Be2 Ne4 14. Kh2 e6 15.
Bf3 Nc5 16. Ba3 b6 17. Nd2 Re8 18. c4 Ba6 19. Qc2 Rc8 20. Bxc5 bxc5 21. Rfd1 Bh6
22. g3 d4 23. Ne4 Bg7 24. Nd6 Re7 25. Nxc8 Qxc8 26. Qg2 Rd7 27. Rac1 f6 28. exf6
Bxf6 29. Bg4 Qe8 30. Qc6 Bc8 31. Bxe6+ Kg7 32. Re1 d3 33. Rcd1 Qd8 34. Bxd7 Bb7
35. Qe6 Qa5 36. Ba4 d2 37. Qd7+ Kh6 38. Re6 Bf3 39. Rxd2 Bd4 40. Rde2 Bxe2 41.
Rxe2 Qc3 42. g4 Qf3 43. g5+ Kh5 44. Qxh7# {Black checkmated} 1-0

[Event "Team 45 45 League T57"]
[Site "Internet Chess Club"]
[Date "2013.06.26"]
[Round "6"]
[White "timothysmall56"]
[Black "CKNIGHT3"]
[Result "0-1"]
[WhiteElo "1725"]
[BlackElo "1713"]
[Opening "Sicilian: Canal-Sokolsky (Nimzovich-Rossolimo, Moscow) attack"]
[ECO "B51"]
[Time "22:05:30"]
[TimeControl "2700+45"]

1. e4 c5 2. Nf3 d6 3. Bb5+ Nc6 4. Nc3 e6 5. O-O Nf6 6. d4 cxd4 7. Nxd4 Qc7 8.
Re1 a6 9. Ba4 b5 10. Bb3 Be7 11. Be3 O-O 12. a3 Re8 13. Rc1 Bb7 14. f3 Rac8 15.
Nce2 Ne5 16. Bd2 Ned7 17. c4 Qb6 18. Be3 bxc4 19. Nf5 Qxb3 20. Nxe7+ Rxe7 21.
Qxd6 Qxe3+ 22. Kh1 Qc5 23. Qg3 Ne5 24. Red1 Qc7 25. f4 Ng6 26. e5 Ne4 27. Qe1
Qb6 28. Rd4 Rec7 29. Rc2 Ne7 30. Qg1 Qb3 31. Qc1 Nf5 32. Rxe4 Bxe4 33. Rc3 Qb6
34. Qd2 Rb7 35. b4 Qf2 {White resigns} 0-1

[Event "Team 45 45 League T57"]
[Site "Internet Chess Club"]
[Date "2013.06.28"]
[Round "6"]
[White "nidusin2"]
[Black "EyeAm"]
[Result "0-1"]
[WhiteElo "1674"]
[BlackElo "1800"]
[Opening "Petrov: classical attack, Marshall variation"]
[ECO "C42"]
[Time "18:00:39"]
[TimeControl "2700+45"]

1. e4 e5 2. Nf3 Nf6 3. Nxe5 d6 4. Nf3 Nxe4 5. d4 d5 6. Bd3 Bd6 7. Be3 O-O 8. c4
Bb4+ 9. Nbd2 c5 10. h3 cxd4 11. Nxd4 Nxd2 12. Bxd2 Re8+ 13. Ne2 Nc6 14. cxd5
Qxd5 15. Bxb4 Nxb4 16. Bb1 Qxg2 17. Rf1 Bxh3 {White resigns} 0-1